 Dungeon Crawl Stone Soup version 0.29-a0-422-gafbd6decc1 (webtiles) character file.

Game seed: 17498649960131214144

92 xian the Slasher (level 4, -2/29 HPs)
             Began as an Octopode Chaos Knight on May 18, 2022.
             Was a Plaything of Xom.
             Slain by a hobgoblin (4 damage)
             ... led by Robin
             ... on level 2 of the Dungeon.
             The game lasted 00:06:28 (2124 turns).

xian the Slasher (Octopode Chaos Knight)            Turns: 2124, Time: 00:06:29

Health: -2/29      AC:  1    Str:  9    XL:     4   Next: 60%
Magic:  4/4        EV: 13    Int: 16    God:    Xom [......]
Gold:   63         SH:  0    Dex: 11    Spells: 3/3 levels left

rFire   . . .      SeeInvis .   a - +0 falchion (chaos)
rCold   . . .      Faith    .   (no shield)
rNeg    . . .      Spirit   .   (helmet restricted)
rPois   .          Reflect  .   (no amulet)
rElec   .          Harm     .   i - ring of resist corrosion
rCorr   +          Rampage  .   l - ring of wizardry
Will    .....                   (no ring)
Stlth   +++.......              (no ring)
HPRegen 0.09/turn               (no ring)
MPRegen 0.09/turn               (no ring)
                                (no ring)
                                (no ring)

@: no status effects
A: almost no armour, amphibious, 8 rings, camouflage 1, gelatinous body 1,
(nimble swimmer 1), tentacles, frail 1, weak 1, MP-powered wands
a: Renounce Religion


You were on level 2 of the Dungeon.
You worshipped Xom.
You were a very special plaything of Xom.
You visited 1 branch of the dungeon, and saw 2 of its levels.

You collected 63 gold pieces.

Inventory:

Hand Weapons
 a - a +0 falchion of chaos (weapon)
 g - a +2 dagger of flaming
Jewellery
 i - a ring of resist corrosion (left tentacle)
 l - a ring of wizardry (right tentacle)
Scrolls
 c - 5 scrolls of identify {unknown}
 f - a scroll of torment {unknown}
 k - 3 scrolls of teleportation {unknown}
Potions
 d - 3 potions of degeneration {unknown}
 e - a potion of might {unknown}
 h - 2 potions of haste {unknown}
 j - 4 potions of curing {unknown}
Miscellaneous
 b - a piece from Xom's chessboard (14/15) (quivered)


   Skills:
 + Level 3.8 Fighting
 + Level 3.9 Long Blades
 + Level 3.1 Dodging
 + Level 1.3 Stealth


You had 3 spell levels left.
You didn't know any spells.
Your spell library was empty.

Dungeon Overview and Level Annotations

Branches:
Dungeon (2/15)

Altars:

Shops:
D:1 :


Innate Abilities, Weirdness & Mutations

You cannot wear most types of armour.
You are amphibious.
You can wear up to eight rings at the same time.
Your skin changes colour to match your surroundings (Stealth+).
Your rubbery body absorbs attacks. (AC +1, EV +1)
((You are camouflaged when in or above water. (Stealth+)))
You have tentacles for arms and can constrict up to eight enemies at once.
You are frail. (-10% HP)
You are weak. (Str -2)
You expend magic power (3 MP) to strengthen your wands.


Message History

You squeeze the hobgoblin.
You kill the hobgoblin!
The hobgoblin no longer looks unusually strong.
Robin throws the goblin at you! The goblin hits you with a +0 club.
You see here a hobgoblin corpse.
You hit the goblin.
You kill the goblin!
The goblin no longer looks unusually strong.
Robin roars a battlecry!
The goblins go into a battle-frenzy!
The goblin attacks as you move away! The goblin misses you.
Robin throws the goblin at you!
Items here: ))) ††.
You closely miss Robin. You grab Robin. You constrict Robin, but do no damage.
The goblin completely misses you. Robin misses you.
You hit Robin.
Robin is lightly wounded.
You constrict Robin, but do no damage. The goblin barely misses you.
Robin hits you with a +0 vampiric dagger.
Robin draws strength from your wounds! The hobgoblin hits you.
You hit Robin but do no damage. You squeeze Robin.
Robin is moderately wounded.
You constrict Robin. The goblin hits you with a +0 club.
Robin hits you but does no damage. The hobgoblin closely misses you.
You hit Robin.
Robin is heavily wounded.
You constrict Robin. The goblin hits you with a +0 club.
* * * LOW HITPOINT WARNING * * *
The hobgoblin barely misses you.
Robin hits you with a +0 vampiric dagger.
* * * LOW HITPOINT WARNING * * *
You make a move on Xom's chessboard...
The goblin twists and deforms.
You constrict Robin. The goblin completely misses you.
Robin completely misses you. The hobgoblin barely misses you.
You hit Robin.
Robin is almost dead.
You constrict Robin.
You kill Robin!
The goblin closely misses you. The hobgoblin hits you.
You die...

..#..................###
........................
...............8...######
........##.##...........#
###...............#####.#
................).# #.#
#.#....##...#.##g######.# .#
#.#.#.###...≈P.ggZ......# .#
..........≈≈≈≈.#@#####..# .#
........#.≈≈≈≈.#....##<.# .#
..........≈≈≈..####.#...####.#
..........≈≈≈≈..##........)..#
..........P.....##..........##
............................##
.............................####
...#................Z......P.....
...#.....................P.......


You could see a hobgoblin (strong), 2 goblins and a ball python skeleton.

Vanquished Creatures
  A howler monkey (D:2)
  Robin (D:2)
  An adder skeleton (D:2)
  3 bats
  3 endoplasms
  10 goblins
  5 hobgoblins (D:2)
  4 jackals (D:1)
  5 kobolds (D:1)
  2 quokkas
  4 ball pythons
  3 ball python skeletons (D:2)
  3 ball python zombies (D:2)
  2 frilled lizards (D:1)
  A quokka skeleton (D:2)
  A quokka zombie (D:2)
  A rat (D:1)
50 creatures vanquished.

Vanquished Creatures (others)
  6 withered plants (D:2)
6 creatures vanquished.

Grand Total: 56 creatures vanquished

Notes
Turn   | Place    | Note
-------+----------+-------------------------------------------
     0 | D:1      | xian the Octopode Chaos Knight began the quest for the Orb.
     0 | D:1      | Reached XP level 1. HP: 16/16 MP: 1/1
   490 | D:1      | Reached XP level 2. HP: 17/21 MP: 2/2
   657 | D:1      | XOM: smoke on damage
   891 | D:1      | XOM: silly message
   999 | D:1      | Found a faded altar of an unknown god.
  1020 | D:1      | Found Topie's Book Shop.
  1131 | D:1      | Reached XP level 3. HP: 22/26 MP: 3/3
  1383 | D:2      | Reached skill level 1 in Stealth
  1383 | D:2      | Reached XP level 4. HP: 13/33 MP: 4/4
  1594 | D:2      | XOM: give mutations
  1594 | D:2      | Gained mutation: You expend magic power (3 MP) to
                  | strengthen your wands. [Xom's mischief]
  1594 | D:2      | Gained mutation: You are weak. (Str -2) [Xom's mischief]
  1594 | D:2      | Gained mutation: You are frail. (-10% HP) [Xom's mischief]
  1716 | D:2      | XOM: smoke on damage
  2100 | D:2      | Noticed Robin
  2124 | D:2      | Killed Robin
  2124 | D:2      | Slain by a hobgoblin

Illustrated notes

Levels and vault maps discovered:
D:1:      minmay_arrival_five_plusses, layout_basic,
          ebering_ecumenical_altar_box, serial_shops, nicolae_diamond_shop,
          st_stairs_7
D:2:      layout_rooms, serial_undead, serial_undead_d, serial_undead_c,
          serial_undead_d, serial_undead_b, serial_undead_f, serial_undead_a,
          serial_undead_a, serial_undead_e, serial_undead_f, serial_undead_b,
          hangedman_abyss_or_decor_stabs, uniq_natasha, uniq_robin

Skill      XL: |  1  2  3 |
---------------+----------+-----
Dodging        | 3 |  3.1
Stealth        | 1 |  1.3
Fighting       | |  3.8
Long Blades    | |  3.9

Action                   |  1- 3 |  4- 6 || total
-------------------------+-------+-------++-------
Melee: Falchion          |    56 |    44 ||   100
       Tentacles         |    11 |    10 ||    21
       Constrict         |    15 |    12 ||    27
       Punch             |     1 |       ||     1
Evoke: Piece from Xom's  |       |     1 ||     1
 Stab: Sleeping          |     2 |     1 ||     3
Armor: Skin              |     6 |    11 ||    17
Dodge: Dodged            |    39 |    59 ||    98

Table legend: (Time is in decaauts)
 A = Elapsed time spent in this place.
 B = Non-inter-level travel time spent in this place.
 C = Inter-level travel time spent in this place.
 D = Time resting spent in this place.
 E = Time spent auto-exploring this place.
 F = Levels seen in this place.
 G = Mean time per level.
                   A        B        C        D        E       F      G
               +--------+--------+--------+--------+--------+-----+--------+
         Total |   2135 |   2135 |      0 |      0 |   1700 |   2 | 1067.5 |
       Dungeon |   2135 |   2135 |      0 |      0 |   1700 |   2 | 1067.5 |
               +--------+--------+--------+--------+--------+-----+--------+

Top non-repeatable levels by time:
     D:1: 1212 daAuts
     D:2: 923 daAuts
